Cogmind - Beta 12 @@@ ROGUE MODE // 2023.03.03 @ 11:11:59 Player: Granzteel Result: Self-destructed Performance ------------- Evolutions (2) 1000 Regions Visited (6) 1200 Robots Destroyed (14) 70 Value Destroyed (179) 179 Prototype IDs (26) 520 Alien Tech Used (0) 0 Bonus (445) 445 TOTAL SCORE: 3414 Bonus ------- Follower Combat Kills 145 Aligned with FarCom 300 Cogmind --------- Core Integrity 454/550 Matter 215/300 Energy 125/125 System Corruption 0% Temperature Cool (0) Movement Core (150) Ox2 Location -8/Storage Parts ------- > --- POWER (1) -------- Light Ion Engine > --- PROPULSION (2) --- (None) > --- UTILITY (6) ------ Visual Processing Unit Terrain Scanner Targeting Computer Targeting Computer Targeting Computer System Shield > --- WEAPON (2) ------- Small Laser Heavy Flail > --- INVENTORY (5) ---- Cloak of Protection Bomb Drone Bay (16/16) Small Laser Peak State ------------ > --- POWER ------------ Ion Engine > --- PROPULSION ------- Flight Unit Flight Unit > --- UTILITY ---------- Terrain Scanner Bomb Drone Bay > --- WEAPON ----------- Small Laser Small Laser > --- INVENTORY -------- Light Ion Engine Cloak of Protection EM Pulse Gun [Rating: 21] Favorites ----------- Power Ion Engine Engine Ion Engine Propulsion Flight Unit Wheel Wheel Flight Unit Flight Unit Utility Terrain Scanner Device Terrain Scanner Storage Small Storage Unit Processor Targeting Computer Hackware System Shield Weapon Small Laser Energy Gun Small Laser Ballistic Gun Assault Rifle Impact Weapon Heavy Flail Build | -11 -10 -10 -10 -9 -8 -8 ------- Run | Jun Mat Min Exi Min Mat Sto Slots Evolved 4 | . . . . . 4 . Power . | . . . . . . . Propulsion . | . . . . . . . Utility 4 | . . . . . 4 . Weapon . | . . . . . . . Parts Attached 28 | 5 10 . 2 . 8 3 Power 3 | 1 1 . . . . 1 Engine 3 | 1 1 . . . . 1 Core . | . . . . . . . Reactor . | . . . . . . . Propulsion 7 | 2 4 . . . 1 . Treads . | . . . . . . . Leg . | . . . . . . . Wheel 3 | 2 1 . . . . . Hover . | . . . . . . . Flight 4 | . 3 . . . 1 . Utility 10 | 1 1 . 2 . 5 1 Device 4 | . 1 . 2 . 1 . Storage 1 | 1 . . . . . . Processor 4 | . . . . . 3 1 Hackware 1 | . . . . . 1 . Protection . | . . . . . . . Artifact . | . . . . . . . Weapon 8 | 1 4 . . . 2 1 Energy Gun 4 | . 3 . . . 1 . Energy Cannon . | . . . . . . . Ballistic Gun 2 | 1 1 . . . . . Ballistic Cannon . | . . . . . . . Launcher . | . . . . . . . Special Weapon . | . . . . . . . Impact Weapon 2 | . . . . . 1 1 Slashing Weapon . | . . . . . . . Piercing Weapon . | . . . . . . . Special Melee Weapon . | . . . . . . . Unidentified Prototypes 1 | . . . . . 1 . Parts Lost 5 | . 2 . . . . 3 Power 2 | . 1 . . . . 1 Propulsion 3 | . 1 . . . . 2 Utility . | . . . . . . . Weapon . | . . . . . . . Highest Loss Streak 2 | . 2 . . . . 2 To Critical Strikes . | . . . . . . . Average Slot Usage (%) 83 | . 82 85 85 85 81 91 Engine 11 | . 10 14 14 14 9 9 Wheel 5 | . 15 . . . . . Flight 19 | . 9 28 28 28 18 14 Device 11 | . 9 14 14 14 9 9 Storage 3 | . 9 . . . . . Processor 4 | . . . . . 19 32 Hackware 1 | . . . . . 7 9 Energy Gun 22 | . 17 28 28 28 17 12 Ballistic Gun 3 | . 9 . . . . . Naked Turns . | . . . . . . . Heaviest Build 14 | 12 14 8 8 8 10 8 Greatest Support 20 | 20 20 8 8 8 8 8 Greatest Overweight (x) 1 | . . . . . 1 . Average Overweight (x) . | . . . . . . . Largest Inventory Capacity 8 | 8 8 5 5 5 5 5 Average Capacity 5 | 6 7 5 5 5 5 5 Most Carried 8 | 4 8 5 5 5 5 5 Average Carried 5 | 2 6 4 4 5 4 4 Final Capacity 8 | 8 5 5 5 5 5 5 Final Carried 5 | 4 5 5 5 5 5 4 Class Distribution -------------------- 63% | Mutant 33% | Scout 3% | Assassin Dominant Class ---------------- Mutant | -10/Materials Mutant | -10/Mines Mutant | -10/Exiles Scout | -9/Mines Scout | -8/Materials Assassin | -8/Storage Resources | -11 -10 -10 -10 -9 -8 -8 ----------- Run | Jun Mat Min Exi Min Mat Sto Matter Collected 448 | 229 179 . . 30 10 . Remotely . | . . . . . . . Salvage Created 248 | . 213 . . 35 . . Parts 25 | . 20 . . 5 . . Haulers Intercepted . | . . . . . . . Recyclers Shooed . | . . . . . . . Parts Field Recycled . | . . . . . . . Retrieved Matter . | . . . . . . . Parts Self-Destructed . | . . . . . . . Prevented . | . . . . . . . Kills | -11 -10 -10 -10 -9 -8 -8 ------- Run | Jun Mat Min Exi Min Mat Sto Combat Hostiles Destroyed 13 | . 11 . . 2 . . Guns 13 | . 11 . . 2 . . Classes Destroyed 3 | . 2 . . 1 . . Worker 1 | . . . . 1 . . Swarmer 11 | . 9 . . 2 . . Grunt 2 | . 2 . . . . . Best Kill Streak 3 | . 3 . . 3 . . Combat Bots Only 3 | . 3 . . 2 . . Max Kills in Single Turn 2 | . 1 . . 2 . . Gunslinging . | . . . . . . . Exploded . | . . . . . . . Melee . | . . . . . . . Uniques/NPCs Destroyed . | . . . . . . . Combat | -11 -10 -10 -10 -9 -8 -8 -------- Run | Jun Mat Min Exi Min Mat Sto Damage Taken 717 | . 367 . . 92 89 169 Core 247 | . 101 . . 50 27 69 Absorbed by Shields . | . . . . . . . Core Remaining (%) 69 | 100 . . . 39 . . Volleys Fired 40 | . 29 . . 6 3 2 Largest 2 | . 2 . . 2 2 2 Hottest 80 | . 80 . . 80 80 80 Shots Fired 78 | . 58 . . 12 5 3 Gun 78 | . 58 . . 12 5 3 Cannon . | . . . . . . . Launcher . | . . . . . . . Special . | . . . . . . . Kinetic 26 | . 26 . . . . . Thermal 52 | . 32 . . 12 5 3 Explosive . | . . . . . . . Electromagnetic . | . . . . . . . Robot Hit Streak 7 | . 7 . . 3 4 3 Robot Miss Streak 3 | . 3 . . 2 1 . Penetration Max . | . . . . . . . Secondary Targets 2 | . 2 . . . . . Max Gunslinging Chain 1 | . 1 . . . . . Shots Hit Robots 50 | . 39 . . 6 3 2 Core Hits 17 | . 13 . . 3 1 . Critical Kills . | . . . . . . . Critical Parts Destroyed . | . . . . . . . Critical Strikes . | . . . . . . . Melee Attacks 17 | . . . . . 3 14 Impact 17 | . . . . . 3 14 Slashing . | . . . . . . . Piercing . | . . . . . . . Sneak Attacks . | . . . . . . . Combat Hostiles . | . . . . . . . Follow-up Attacks . | . . . . . . . Damage Inflicted 568 | . 441 . . 75 32 20 Guns 568 | . 441 . . 75 32 20 Cannons . | . . . . . . . Explosions . | . . . . . . . Melee . | . . . . . . . Ramming . | . . . . . . . Kinetic 241 | . 241 . . . . . Thermal 327 | . 200 . . 75 32 20 Explosive . | . . . . . . . Electromagnetic . | . . . . . . . Impact . | . . . . . . . Slashing . | . . . . . . . Piercing . | . . . . . . . Highest Corruption . | . . . . . . . Average Corruption . | . . . . . . . Corruption Purged . | . . . . . . . Corruption Blocked . | . . . . . . . Overload Shots . | . . . . . . . Overflow Damage . | . . . . . . . Projectiles . | . . . . . . . Explosions . | . . . . . . . Melee . | . . . . . . . Knockbacks . | . . . . . . . Impact . | . . . . . . . Kinetic . | . . . . . . . Secondary . | . . . . . . . Self-Inflicted Damage . | . . . . . . . Shots . | . . . . . . . Rammed . | . . . . . . . Targets Rammed . | . . . . . . . Kicked . | . . . . . . . Crushed . | . . . . . . . Highest Temperature 120 | . 72 . . 120 12 8 Average Temperature 38 | . 35 . . 53 7 5 Received Heat Transfer 240 | . 102 . . 30 27 81 Siege Activations . | . . . . . . . Robots Corrupted . | . . . . . . . Combat Hostiles . | . . . . . . . Parts Fried . | . . . . . . . Impact Corruptions . | . . . . . . . Robots Melted . | . . . . . . . Combat Hostiles . | . . . . . . . Parts Melted . | . . . . . . . Heat Transferred 750 | . 450 . . 175 75 50 Parts Sabotaged . | . . . . . . . Parts Stolen . | . . . . . . . Parts Stripped . | . . . . . . . Power Chain Reactions . | . . . . . . . Missiles Intercepted . | . . . . . . . Alert | -11 -10 -10 -10 -9 -8 -8 ------- Run | Jun Mat Min Exi Min Mat Sto Peak Influence 355 | . 232 39 . 262 355 204 Initial 149 | . . 39 . . 102 149 Average 114 | . 132 39 . 94 172 186 Maximum Alert Level 1 | . 1 . . 1 1 1 Low Security (%) 82 | 100 74 100 . 85 76 76 Level 1 17 | . 25 . . 14 23 23 Level 2 . | . . . . . . . Level 3 . | . . . . . . . Level 4 . | . . . . . . . Level 5 . | . . . . . . . High Security . | . . . . . . . Max Security . | . . . . . . . Squads Dispatched 5 | . 1 1 . . 1 2 Investigation 1 | . . . . . . 1 Extermination . | . . . . . . . Reinforcement 3 | . 1 . . . 1 1 Assault 1 | . . 1 . . . . Garrison . | . . . . . . . Intercept . | . . . . . . . Searches Triggered . | . . . . . . . Construction Impeded . | . . . . . . . Haulers Reinforced . | . . . . . . . Active Scanning Responses . | . . . . . . . Cargo Convoy Interrupts . | . . . . . . . Stealth | -11 -10 -10 -10 -9 -8 -8 --------- Run | Jun Mat Min Exi Min Mat Sto Distress Signals 3 | . . . . . 2 1 Communications Jammed . | . . . . . . . Distress Signals . | . . . . . . . Times Spotted 50 | . 18 . . 8 18 6 Peak Tracking Total 16 | . 6 . . 4 16 4 Tactical Retreats 5 | . . . . 2 2 1 Traps | -11 -10 -10 -10 -9 -8 -8 ------- Run | Jun Mat Min Exi Min Mat Sto Traps Triggered . | . . . . . . . Indirectly . | . . . . . . . Trap Hack Attempts . | . . . . . . . Triggered . | . . . . . . . Disarmed . | . . . . . . . Reprogrammed . | . . . . . . . Reused . | . . . . . . . Traps Extracted . | . . . . . . . Installed . | . . . . . . . Triggered . | . . . . . . . Machines | -11 -10 -10 -10 -9 -8 -8 ---------- Run | Jun Mat Min Exi Min Mat Sto Machines Disabled . | . . . . . . . Max in Single Turn . | . . . . . . . Machines Repaired . | . . . . . . . Machines Sabotaged . | . . . . . . . Overloaded Fab Kills . | . . . . . . . Hacking | -11 -10 -10 -10 -9 -8 -8 --------- Run | Jun Mat Min Exi Min Mat Sto Machines Accessed 17 | . 8 1 1 . 6 1 Terminals 15 | . 8 . . . 6 1 Fabricators . | . . . . . . . Repair Stations . | . . . . . . . Recycling Units . | . . . . . . . Scanalyzers . | . . . . . . . Garrison Access . | . . . . . . . Total Hacks 45 | . 22 1 1 . 17 4 Successful 27 | . 13 1 1 . 11 1 Failed 18 | . 9 . . . 6 3 Catastrophic 4 | . 2 . . . 2 . Database Lockouts . | . . . . . . . Manual 45 | . 23 . 1 . 16 5 Terminals 43 | . 22 . . . 17 4 Fabricators . | . . . . . . . Repair Stations . | . . . . . . . Recycling Units . | . . . . . . . Scanalyzers . | . . . . . . . Garrison Access . | . . . . . . . Terminal Hacks 10 | . 4 1 1 . 4 . Prototype ID Bank 1 | . . . . . 1 . Open Door 1 | . . 1 . . . . Branch Access Points 1 | . . . . . 1 . Terminal Index 2 | . 1 . . . 1 . Zone Layout 4 | . 3 . . . 1 . EX-Prototype ID Bank 1 | . . . 1 . . . Fabricator Hacks . | . . . . . . . Repair Station Hacks . | . . . . . . . Recycling Unit Hacks . | . . . . . . . Scanalyzer . | . . . . . . . Garrison Access Hacks . | . . . . . . . Unauthorized Hacks 17 | . 9 . . . 7 1 Terminals 17 | . 9 . . . 7 1 Assimilate 1 | . . . . . 1 . Botnet 13 | . 7 . . . 5 1 Operators 3 | . 2 . . . 1 . Fabricators . | . . . . . . . Repair Stations . | . . . . . . . Recycling Units . | . . . . . . . Scanalyzers . | . . . . . . . Garrison Access . | . . . . . . . Data Cores Recovered . | . . . . . . . Used . | . . . . . . . Hacking Detections 11 | . 6 . . . 4 1 Full Trace Events 2 | . 1 . . . . 1 Feedback Events . | . . . . . . . Feedback Blocked . | . . . . . . . Robot Schematics Acquired . | . . . . . . . Robots Built . | . . . . . . . Authchips . | . . . . . . . Time . | . . . . . . . Total Robot Build Rating . | . . . . . . . Part Schematics Acquired . | . . . . . . . Parts Built . | . . . . . . . Authchips . | . . . . . . . Time . | . . . . . . . Total Part Build Rating . | . . . . . . . Parts Repaired . | . . . . . . . Time . | . . . . . . . Parts Recycled . | . . . . . . . Recycled Matter . | . . . . . . . Retrieved Matter . | . . . . . . . Retrieved Components . | . . . . . . . Parts Scanalyzed . | . . . . . . . Part Schematics Acquired . | . . . . . . . Parts Damaged . | . . . . . . . Bothacking | -11 -10 -10 -10 -9 -8 -8 ------------ Run | Jun Mat Min Exi Min Mat Sto Used RIF Installer . | . . . . . . . Robots Hacked . | . . . . . . . Non-combat . | . . . . . . . Combat . | . . . . . . . Robot Hacks Applied . | . . . . . . . Relay Couplers Released . | . . . . . . . Fabnet Peak Effective % . | . . . . . . . Robots Rewired . | . . . . . . . Allies Hacked . | . . . . . . . Hacks Repelled . | . . . . . . . Allies | -11 -10 -10 -10 -9 -8 -8 -------- Run | Jun Mat Min Exi Min Mat Sto Total Allies 1 | . . 1 . . . . Largest Group 1 | . . 1 1 1 . . Highest-Rated Group 31 | . . 31 31 31 . . Highest-Rated Ally 31 | . . 31 31 31 . . Total Orders . | . . . . . . . Ally Attacks 24 | . . . . 24 . . Total Damage 378 | . . . . 378 . . Kills 7 | . . . . 7 . . Allies Corrupted . | . . . . . . . Allies Melted . | . . . . . . . Intel | -11 -10 -10 -10 -9 -8 -8 ------- Run | Jun Mat Min Exi Min Mat Sto Robot Analysis Total . | . . . . . . . Derelict Logs Recovered 3 | . . 2 . 1 . . Drone Launches . | . . . . . . . Drone Recoveries . | . . . . . . . Exploration | -11 -10 -10 -10 -9 -8 -8 ------------- Run | Jun Mat Min Exi Min Mat Sto Turns Passed 1585 | 43 546 214 200 311 195 76 Spaces Moved 2923 | 40 747 458 427 726 441 84 Core 2 | 2 . . . . . . Treads . | . . . . . . . Legs . | . . . . . . . Wheels 356 | 38 318 . . . . . Hover . | . . . . . . . Flight 2565 | . 429 458 427 726 441 84 Fastest Speed 37 | 50 37 37 37 37 37 37 Average Speed 42 | 78 55 37 37 37 37 37 Slowest Speed 117 | 80 80 37 37 37 117 37 Overloaded Moves . | . . . . . . . Propulsion Burnouts . | . . . . . . . Robots Hopped 31 | . 7 11 . 13 . . Cave-ins Triggered . | . . . . . . . Exploration Rate (%) 60 | 3 99 69 92 96 40 22 Regions Visited 6 Branch Regions 4 Pre-discovered Areas 1 | . . . . 1 . . Known Exits Taken 1 | . . . . . 1 . Unknown Exits Taken 5 | 1 1 1 1 1 . . Scrap Searched 1 | . . . . 1 . . Spaces Dug 3 | . . . . . 3 . Terrain Destroyed 3 | . . . . . 3 . Melee 3 | . . . . . 3 . Projectile . | . . . . . . . AOE . | . . . . . . . Terrain Rammed . | . . . . . . . Walls Destroyed . | . . . . . . . Machines Disabled . | . . . . . . . Actions | -11 -10 -10 -10 -9 -8 -8 --------- Run | Jun Mat Min Exi Min Mat Sto Total 3128 | 48 816 491 469 742 459 103 Wait 131 | . 26 42 38 24 1 . Move 2860 | 39 732 437 426 702 440 84 Hop 26 | . 7 9 . 10 . . Pick Up 11 | 4 5 1 . . 1 . Fast Attach 12 | 5 1 . 1 . 4 1 Attach 8 | . 5 . 1 . 1 1 Detach 5 | . 2 . 2 . 1 . Swap 8 | . 4 . . . 3 1 Drop 10 | . 5 2 1 . 2 . Fire 40 | . 29 . . 6 3 2 Melee 17 | . . . . . 3 14 Ram . | . . . . . . . Kick . | . . . . . . . Crush . | . . . . . . . Escape Stasis . | . . . . . . . Rewire . | . . . . . . . Trap . | . . . . . . . Miscellaneous . | . . . . . . . Route ------- -11/Junkyard -10/Materials (discovered 5 exits: *Mat x3 / *Min x2) -10/Mines (discovered 2 exits: *Mat / *Exi) -10/Exiles (discovered 2 exits: [*Min x2]) -9/Mines (discovered 2 exits: *Mat x2) -8/Materials (discovered 2 exits: *Sto x2) -8/Storage History --------- Turn | Location | Event 12 | -11/Junkyard | Discovered new exit (range 15) 44 | -11/Junkyard | Entered Materials 312 | -10/Materials | Discovered new exit (range 16) 315 | -10/Materials | Build established: Mutant 329 | -10/Materials | Discovered new exit (range 16) 442 | -10/Materials | Discovered new exit (range 13) 472 | -10/Materials | Discovered new exit (range 16) 557 | -10/Materials | Discovered new exit (range 9) 590 | -10/Materials | Entered Mines 596 | -10/Mines | Identified exit to Materials 637 | -10/Mines | Learned Materials stockpile data 640 | -10/Mines | Met a Derelict testing a Signal Generator 675 | -10/Mines | Found the Drone Emporium 678 | -10/Mines | Found Prototype Device 685 | -10/Mines | Deemed a non-threat by the Exiles lab entrance 685 | -10/Mines | Discovered new exit (range 5) 804 | -10/Mines | Entered Exiles 804 | -10/Exiles | Accompanied by 1 ally 810 | -10/Exiles | Discovered new exit (range 14) 818 | -10/Exiles | Met 8R-AWN 824 | -10/Exiles | Met EX-HEX 834 | -10/Exiles | Met EX-BIN 839 | -10/Exiles | Aligned with FarCom system 840 | -10/Exiles | Given EX-Vault access code 852 | -10/Exiles | Opened EX-Vault 854 | -10/Exiles | Found Cloak of Protection 867 | -10/Exiles | Warned to stay clear of 0b10 Research branches 889 | -10/Exiles | Met EX-DEC 897 | -10/Exiles | Visited The Gauntlet 962 | -10/Exiles | Discovered new exit (range 14) 1004 | -10/Exiles | Left Exiles lab with Cloak of Protection 1004 | -10/Exiles | Entered Mines 1004 | -9/Mines | Accompanied by 1 ally 1019 | -9/Mines | Learned location of Recycling (-8) 1027 | -9/Mines | Discovered new exit (range 3) 1149 | -9/Mines | Discovered new exit (range 6) 1244 | -9/Mines | Core integrity fell below 50% 1297 | -9/Mines | Build established: Scout 1315 | -9/Mines | Entered Materials 1315 | -8/Materials | Evolved 4 slots: Utility x4 1315 | -8/Materials | Identified Bomb Drone Bay 1500 | -8/Materials | Identified exit to Storage 1510 | -8/Materials | Entered Storage 1586 | -8/Storage | Self-destructed Last Messages --------------- 01512_ O-16 Technician uses terminal to summon reinforcements. 01512_ ALERT: Hostiles spotted, dispatching reinforcements to Terminal S013. 01512_ O-16 Technician locks terminal. 01516_ Connecting with Door Terminal... 01523_ Ion Engine destroyed. 01525_ W-25 Informer sends out distress signal. 01537_ K-01 Serf cleans the Component Storage. 01540_ Acquired Visual Processing Unit. 01543_ Connecting with Terminal... >>Trojan(Botnet) Trojan loaded successfully. Testing... Terminal linked with 0 systems. Awaiting botnet instructions. 01543_ ALERT: Suspicious activity at Terminal S008. Dispatching Investigation squad. 01564_ Critical hit (Burn: +37). 01566_ Connecting with Door Terminal... 01567_ Flight Unit destroyed. Map ----- +----------------------------------------------------+ | ??# ?????????? | | #?# #####+##/######??????????????? | | ??###+####^ #?????????????????? | | ??? ?# #?????????????????? | | ? """ # #?????????????????? | | # """ ** # """ """ #? ???????????????? | | # """ ** # """ """ #?????????????????? | | # ** # """ """ #?????????????????? | | ? """ # #?????????????????? | | ???"" # #?????????????????? | | ????" ####+######?????????????????? | | ???? #??# #??????????????????????? | | ??###### ##?# #??#???????????????????? | | ??#"""####?## #??????????????????????? | | ?##"T"#######Y#???????? ?????????????? | | ?# ## #??????????????????????? | | ?# ## ##???#?????????????????? | | ?# ## #??? #?????????????????? | | ?# ## ### #?????????????????? | | ?# # #?????????????????? | | ?# """"" # #?????????????????? | | ?# """"" + ##+###?????????????????? | | ?# """"" # #??????????????????????? | | ?########### ##?????????????????????? | | ???????????# T#??????????#??????????? | | ?????#?????# @##??????????#??????????? | | ????#??????""""??????????????????????? | | ?#???????????????????????????????????? | | ???#???????? ????????????????????????? | | ?????????????????????????????????????? | | ??#????????????#?????????????????????? | | ?????????????????????????????????????? | | ?????????????????????????????????????? | | ????????????#??#?????????????????????? | | ?????????????????????????????????????? | | ????#??????????##????????????????????? | | ???????????#??#??????????????????????? | | ?????????????????????????????????????? | | ?????????????????????????????????????? | | ?????????????????????????????????????? | | ?????????????????????????????????????? | | | | | | | | | | | | | | | | | | | +----------------------------------------------------+ Best States ------------- Heat Dissipation 31 Energy Generation 10 Energy Capacity 250 Matter Stores 300 Matter Capacity 300 Sight Range 18 Terrain Scan Range 14 Terrain Scan Density 10 Evasion (%) 62 Targeting Accuracy 15 Defensive Hacking 10 Item Schematics ----------------- None Robot Schematics ------------------ None Fabricated ------------ Nothing Alien Tech Used ----------------- None Achievements -------------- Cya! Challenges ------------ None Game ------ Seed Hacknet Manual? 1 Play Time 00:42:19 Cumulative 51.4 hours Start 2023.03.03 @ 10:29:39 End 2023.03.03 @ 11:11:59 Sessions 1 Manual Loads 0 Difficulty Rogue Special Mode None Game No. 27 Rogue 27 Adventurer 0 Explorer 0 Win Type - Total 0 Types 0/0/0/0/0/0/0/0/0 Lore% 23 Gallery% 35 Achievement% 28 Wizard Run 0 Options --------- ASCII 0 Keyboard 0 Movement Numpad Keybinds 0 Fullscreen 1 Font 16/Terminus Map View 76x50 Tactical HUD 1 Map Filters NONE Filters NONE Steam 1 RUN: dbe96fdc-9238-453d-b5c4-62e45bc2ec00